 Dungeon Crawl Stone Soup version 0.29.1-2-gbd0b4ee654 (webtiles) character file.

Game seed: 3108737619028598406

96072 SirBasil the Tortoise (level 16, -22/138 HPs)
             Began as a Formicid Fighter on Nov 19, 2022.
             Was an Initiate of Gozag.
             Killed by the air
             ... invoked by a spriggan air mage
              (30 damage)
             ... on level 1 of the Swamp.
             The game lasted 01:12:27 (30978 turns).

SirBasil the Tortoise (Formicid Fighter)           Turns: 30978, Time: 01:12:28

Health: -22/138    AC: 29    Str: 31    XL:     16   Next: 65%
Magic:  25/25      EV: 14    Int: 13    God:    Gozag
Gold:   4474       SH:  0    Dex: 29    Spells: 15/15 levels left

rFire   + + .      SeeInvis +   N - +0 giant spiked club (freeze)
rCold   . . .      Faith    +   (shield currently unavailable)
rNeg    + + .      Spirit   .   A - +2 crystal plate armour {rC+}
rPois   +          Reflect  .   (helmet unavailable)
rElec   +          Harm     .   B - scarf {repulsion}
rCorr   .          Rampage  .   X - +0 pair of gloves
Will    +....                   u - +0 pair of boots
Stlth   ..........              K - amulet of Buushruf {Faith -Tele rElec rF++ rN+}
HPRegen 0.33/turn               Y - ring of the Supporting Beggars {rC- rN+ MP+9 Str+3 Dex+8}
MPRegen 0.19/turn               Z - ring "Nouzunti" {Drain rElec rPois Int+4 Dex+8}

@: repel missiles, very slow
A: permanent stasis, dig shafts and tunnels, antennae 3, four strong arms
a: Dig, Shaft Self, Renounce Religion, Potion Petition, Call Merchant, Bribe
Branch


You were on level 1 of the Swamp.
You worshipped Gozag.
Gozag was most pleased with you.
You visited 5 branches of the dungeon, and saw 21 of its levels.
You also visited: Sewer and Ice Cave.

You collected 7744 gold pieces.
You spent 3136 gold pieces at shops.
You paid 134 gold pieces to Gozag.

Inventory:

Hand Weapons
 N - a +0 giant spiked club of freezing (weapon)
 O - a +1 demon whip of venom
Missiles
 o - 6 throwing nets
 x - 7 curare-tipped darts
Armour
 u - a +0 pair of boots (worn)
 A - a +2 crystal plate armour of cold resistance (worn)
 B - a scarf of repulsion (worn)
 X - a +0 pair of gloves (worn)
Jewellery
 a - the ring of Cobeddae {Fly rElec rCorr Str+2 Dex+2}
   (You acquired it on level 1 of the Lair of Beasts)

   [ring of flight]

   Str:       It affects your strength (+2).
   Dex:       It affects your dexterity (+2).
   rElec:     It insulates you from electricity.
   Fly:       It grants you flight.
   rCorr:     It protects you from acid and corrosion.
 J - a ring of positive energy
 K - the amulet of Buushruf (around neck) {Faith -Tele rElec rF++ rN+}
   (You bought it in a shop on level 2 of the Orcish Mines)

   [amulet of faith]

   It allows you to gain divine favour quickly.
   rF:        It greatly protects you from fire.
   rElec:     It insulates you from electricity.
   rN:        It protects you from negative energy.
   -Tele:     It prevents most forms of teleportation.
 P - a ring of ice
 R - a ring of willpower
 U - a ring of poison resistance
 Y - the ring of the Supporting Beggars (left hand) {rC- rN+ MP+9 Str+3 Dex+8}
   (You found it on level 3 of the Lair of Beasts)

   [ring of magical power]

   Str:       It affects your strength (+3).
   Dex:       It affects your dexterity (+8).
   rC:        It makes you vulnerable to cold.
   rN:        It protects you from negative energy.
   MP:        It affects your magic capacity (+9).
 Z - the ring "Nouzunti" (right hand) {Drain rElec rPois Int+4 Dex+8}
   (You found it on level 5 of the Lair of Beasts)

   [ring of poison resistance]

   Int:       It affects your intelligence (+4).
   Dex:       It affects your dexterity (+8).
   rElec:     It insulates you from electricity.
   rPois:     It protects you from poison.
   Drain:     It drains your maximum health when unequipped.
Wands
 q - a wand of acid (1)
 v - a wand of charming (25)
 y - a wand of roots (10)
 D - a wand of flame (34)
 L - a wand of digging (18)
 Q - a wand of polymorph (12)
 S - a wand of mindburst (17)
Scrolls
 b - 3 scrolls of magic mapping
 e - 4 scrolls of fear
 f - a scroll of brand weapon
 g - 6 scrolls of enchant armour
 j - 6 scrolls of poison
 l - 3 scrolls of summoning
 r - 6 scrolls of enchant weapon
 z - a scroll of fog
 C - 2 scrolls of amnesia
 E - 4 scrolls of noise
 H - 2 scrolls of silence
 I - 3 scrolls of torment
 W - a scroll of identify
Potions
 d - a potion of might
 h - 12 potions of curing
 i - 4 potions of lignification
 k - 2 potions of mutation
 m - 4 potions of invisibility
 n - a potion of cancellation {unknown}
 p - 7 potions of attraction
 s - 6 potions of flight
 t - 2 potions of magic
 w - 3 potions of haste
 F - 8 potions of brilliance
 G - a potion of berserk rage
 M - 3 potions of resistance
 T - 4 potions of heal wounds
Miscellaneous
 c - a condenser vane
 V - a box of beasts


   Skills:
 * Level 15.9 Fighting
 * Level 15.1 Maces & Flails
 * Level 16.0 Armour
 + Level 8.9 Dodging
 - Level 0.2 Stealth
 - Level 5.1 Shields
 + Level 10.4 Evocations


You had 15 spell levels left.
You didn't know any spells.
Your spell library contained the following spells:

 Spells                   Type           Power      Damage    Failure   Level
 Shock                    Conj/Air       0%         1d3       99%         1
 Sting                    Tmut/Pois      0%         1d3       99%         1
 Summon Small Mammal      Summ           0%         N/A       99%         1
 Call Canine Familiar     Summ           0%         N/A       100%        3
 Confusing Touch          Hex            0%         N/A       100%        3
 Portal Projectile        Hex/Tloc       0%         N/A       100%        3
 Summon Guardian Golem    Hex/Summ       0%         N/A       100%        3
 Tukima's Dance           Hex            0%         N/A       100%        3
 Airstrike                Air            0%         2d(0-16)  100%        4
 Dispel Undead            Necr           0%         3d6       100%        4
 Hailstorm                Conj/Ice       0%         3d3       100%        4
 Ice Form                 Ice/Tmut       0%         N/A       100%        4
 Leda's Liquefaction      Hex/Erth       0%         N/A       100%        4
 Alistair's Intoxication  Tmut/Pois      0%         N/A       100%        5
 Blade Hands              Tmut           0%         N/A       100%        5
 Borgnjor's Vile Clutch   Necr/Erth      0%         N/A       100%        5
 Lee's Rapid Deconstruct  Erth           0%         3d5*      100%        5
 Yara's Violent Unravell  Hex/Tmut       0%         3d3       100%        5
 Conjure Ball Lightning   Conj/Air       0%         3x3d6     100%        6
 Death Channel            Necr           0%         N/A       100%        6
 Eringya's Noxious Bog    Tmut/Pois      0%         N/A       100%        6
 Statue Form              Tmut/Erth      0%         N/A       100%        6
 Enfeeble                 Hex            0%         N/A       100%        7
 Discord                  Hex            0%         N/A       100%        8
 Disjunction              Tloc           0%         N/A       100%        8
 Swiftness                Air            Unusable   N/A       N/A         3
 Animate Dead             Necr           Unusable   N/A       N/A         4
 Corpse Rot               Necr/Pois/Air  Unusable   N/A       N/A         4
 Simulacrum               Ice/Necr       Unusable   N/A       N/A         6

Dungeon Overview and Level Annotations

Branches:
Dungeon (12/15)            Temple (1/1) D:4            Lair (5/5) D:9
  Swamp (1/4) Lair:2       Spider (0/4) Lair:3        Slime (0/5) Lair:4
    Orc (2/2) D:11            Elf (0/3) Orc:2         Sewer (visited)
  IceCv (visited)

Altars:
Ashenzari
Cheibriados
Dithmenos
Elyvilon
Fedhas
Gozag
Hepliaklqana
Kikubaaqudgha
Makhleb
Nemelex Xobeh
Okawaru
Qazlal
Ru
Sif Muna
Trog
Uskayaw
Vehumet
Wu Jian
Xom
Yredelemnul
Zin
The Shining One
Jiyva
Lugonu

Shops:
D:1 ?   D:3 !   D:4 *   D:7 *   D:9 *   Orc:2 [[==

Portals:
Abyss: Lair:5

Annotations:
D:5 2 transporters, Rudyous's ghost, novice HOFi


Innate Abilities, Weirdness & Mutations

You cannot be hasted, slowed, berserked, paralysed or teleported.
You can dig through walls and to a lower floor.
You have a pair of large antennae on your head. (SInv)
Your four strong arms can wield two-handed weapons with a shield.


Message History

The five-headed hydra bites you but does no damage.
The five-headed hydra misses you. The eleionoma attacks as you move away!
The eleionoma hits you but does no damage.
The spriggan air mage waves its arms in wide circles.
The air twists around and strikes you! The five-headed hydra bites you!
The five-headed hydra bites you but does no damage. x4
The five-headed hydra attacks as you move away!
The five-headed hydra bites you but does no damage. x2
The five-headed hydra closely misses you.
The five-headed hydra bites you but does no damage. x2
You enter the shallow water.
Moving in this stuff is going to be slow.
The spriggan air mage waves its arms in wide circles.
The air twists around and strikes you!! The five-headed hydra bites you.
The five-headed hydra closely misses you.
The five-headed hydra bites you. The five-headed hydra misses you. x2
The spriggan air mage waves its arms in wide circles.
The air twists around and strikes you! The five-headed hydra bites you.
The five-headed hydra bites you but does no damage. x2
The five-headed hydra misses you. The five-headed hydra bites you.
The spriggan air mage waves its arms in wide circles.
The air twists around and strikes you!!
* * * LOW HITPOINT WARNING * * *
The eleionoma hurls a spray of splinters at you.
The spray of wooden splinters misses you.
You enter the shallow water.
Moving in this stuff is going to be slow.
The five-headed hydra attacks as you move away!
The five-headed hydra closely misses you.
The five-headed hydra bites you but does no damage.
The five-headed hydra bites you.
* * * LOW HITPOINT WARNING * * *
The five-headed hydra bites you but does no damage.
The five-headed hydra bites you!
* * * LOW HITPOINT WARNING * * *
The spriggan air mage waves its arms in wide circles.
The air twists around and strikes you!!
You die...
Your body crumbles into a pile of gold.

♣♣ ♣♣..~~.......'_.#
♣♣♣♣..~.~.♣~~...#.##
~.~~~~~.♣♣♣~~~..###
..~~§~~~.♣ ♣.~~~..~♣♣♣♣♣
~~~~~~.~~♣ ♣~~~~~~~?...♣
~~~~.~~~.♣♣♣.~~~~~~~~~~♣
~...~~~~....~~~~~~.~~~♣♣
~...~~~~~.~.>~~~~.>~~.~♣
.♣.~~~~~..@~~~~~.......
♣.~~~~..RD.....~~....~
♣~........~♣~~~...♣~♣♣
♣♣♣♣~..~wi.♣♣..~~~.♣♣
♣♣.~§~n~...~~~~.♣
♣♣~..~~~.~.~~~~
♣♣....~~~.♣.~~~ ♣
♣~~~...~.♣♣♣..~ ~~~
♣~~.♣♣~..♣ ♣..


You could see an eleionoma, a five-headed hydra, a tyrant leech, a spriggan air
mage (repels missiles) and a bog body.

Vanquished Creatures
  Jorgrun (Orc:1)
  An orc warlord (Orc:2)
  A frost giant (IceCv)
  2 ghouls (Swamp:1)
  An eleionoma (Lair:2)
  The ghost of Bombi the Protected, a journeyman MiFi of Uskayaw (Swamp:1)
  A bunyip (Swamp:1)
  Harold (D:9)
  Fannar (Orc:1)
  A ghost crab (Swamp:1)
  9 hydras
  Erica (D:8)
  A boulder beetle (D:9)
  3 centaur warriors
  2 death yaks (IceCv)
  8 two-headed ogres
  Urug (Orc:1)
  7 orc high priests (Orc:2)
  4 thrashing horrors (Lair:5)
  A dancing weapon (Swamp:1)
  A shadow wraith (D:9)
  Nergalle (Lair:3)
  Amaemon (Lair:2)
  An orb spider (Lair:3)
  A spriggan druid (Swamp:1)
  2 swamp dragons (Swamp:1)
  2 deep elf pyromancers
  Pikel (D:6)
  5 ugly things
  A will-o-the-wisp (Swamp:1)
  An orc sorcerer (Orc:1)
  2 manticores
  2 cyclopes
  8 black mambas
  An ice statue (IceCv)
  Joseph (D:8)
  7 elephants
  2 smoke demons (Lair:5)
  16 cane toads
  An orange demon (Lair:2)
  An unseen horror (shapeshifter) (Lair:5)
  Maggie (D:7)
  Psyche (D:9)
  12 komodo dragons
  2 unseen horrors (D:12)
  8 rime drakes
  An ancient zyme (Lair:5)
  3 trolls
  16 polar bears
  A tyrant leech (Swamp:1)
  30 blink frogs
  A vampire (D:11)
  7 spriggans
  2 wraiths
  67 yaks
  2 wyverns
  A ynoxinul (Lair:5)
  A steam dragon (D:8)
  5 basilisks
  Eustachio (D:4)
  Grum (D:8)
  4 vampire mosquitoes
  3 chaos spawn (Lair:5)
  4 swamp worms (Swamp:1)
  9 small abominations (Lair:5)
  7 wargs
  16 water moccasins
  An acid dragon (D:11)
  3 swamp drakes (Swamp:1)
  16 orc warriors
  2 black bears
  2 ice beasts
  7 ogres
  9 centaurs
  29 wolves
  2 lemures (D:6)
  7 kobold brigands
  13 bullfrogs
  5 necrophages
  2 scorpions
  22 wights
  4 killer bees (D:8)
  7 electric eels
  43 orc priests
  A hound (D:6)
  3 jellies
  5 hell rats (Lair:2)
  3 iguanas
  19 orc wizards
  A hound skeleton (D:6)
  Robin (D:4)
  7 gnolls
  12 adders
  2 river rats (Sewer)
  3 white imps
  3 ufetubi
  5 worms
  3 dart slugs
  98 orcs
  7 bats
  10 endoplasms
  7 giant cockroaches
  10 hobgoblins
  11 jackals
  8 quokkas
  9 ball pythons
  3 frilled lizards
  17 goblins
  31 kobolds
  10 rats
775 creatures vanquished.

Vanquished Creatures (collateral kills)
  2 ice devils (Orc:1)
2 creatures vanquished.

Vanquished Creatures (others)
  A swamp drake (Swamp:1)
  A shadow imp (D:8)
  20 foxfires (Swamp:1)
  8 fungi
  80 plants
110 creatures vanquished.

Grand Total: 887 creatures vanquished

Notes
Turn   | Place    | Note
-------+----------+-------------------------------------------
     0 | D:1      | SirBasil the Formicid Fighter began the quest for the Orb.
     0 | D:1      | Reached XP level 1. HP: 18/18 MP: 1/1
   130 | D:1      | Reached XP level 2. HP: 24/24 MP: 2/2
   229 | D:1      | Found a faded altar of an unknown god.
   317 | D:1      | Reached XP level 3. HP: 29/29 MP: 3/3
   914 | D:1      | Found Rothianu's Magic Scroll Boutique.
   922 | D:1      | Bought a scroll of fear for 56 gold pieces
  1258 | D:2      | Reached XP level 4. HP: 36/36 MP: 4/4
  1296 | D:2      | Reached skill level 4 in Armour
  1575 | D:2      | Reached XP level 5. HP: 42/42 MP: 5/5
  2511 | D:3      | Found Xinill's Distillery.
  2523 | D:3      | Bought a potion of heal wounds for 60 gold pieces
  2523 | D:3      | Bought a potion of curing for 36 gold pieces
  2912 | D:4      | Reached XP level 6. HP: 46/48 MP: 6/6
  2972 | D:4      | Found a glowing drain.
  2984 | Sewer    | Entered a sewer
  3394 | Sewer    | Reached skill level 1 in Dodging
  3394 | Sewer    | Reached XP level 7. HP: 33/55 MP: 7/7
  3555 | Sewer    | Reached skill level 5 in Maces & Flails
  3901 | Sewer    | Reached skill level 5 in Armour
  4537 | D:4      | Noticed a water moccasin
  4540 | D:4      | You fall into a shaft and drop 3 floors!
  4588 | D:6      | Reached skill level 5 in Shields
  4607 | D:6      | Reached skill level 5 in Fighting
  4675 | D:6      | Reached XP level 8. HP: 59/62 MP: 8/8
  4692 | D:5      | Entered Level 5 of the Dungeon
  4792 | D:4      | Found Eteseiq's General Store.
  4798 | D:4      | Bought a scroll of fog for 40 gold pieces
  4865 | D:4      | Found a staircase to the Ecumenical Temple.
  4884 | Temple   | Entered the Ecumenical Temple
  5268 | D:4      | Reached skill level 6 in Armour
  5428 | D:4      | Found a blossoming altar of Fedhas.
  5504 | D:4      | Found a shimmering blue altar of Sif Muna.
  5610 | D:4      | Noticed Robin
  5613 | D:4      | Killed Robin
  5666 | D:4      | Found a hazy altar of Hepliaklqana.
  5668 | D:4      | Found a snail-covered altar of Cheibriados.
  6121 | D:4      | Noticed Eustachio
  6163 | D:4      | Killed Eustachio
  6521 | D:5      | Found a hide-covered altar of Uskayaw.
  6545 | D:5      | Reached XP level 9. HP: 65/70 MP: 9/9
  6783 | D:5      | Noticed Rudyous's ghost (novice HOFi)
  6784 | D:5      | Found a transporter.
  6795 | D:5      | Found a transporter.
  6845 | D:5      | Reached skill level 1 in Evocations
  7040 | D:5      | Reached skill level 7 in Armour
  8430 | D:6      | Found a burning altar of Makhleb.
  8573 | Temple   | Became a worshipper of Gozag Ym Sagoz the Greedy
  8711 | D:7      | Found Oqaudduun's General Store.
  8820 | D:7      | Bought a potion of curing for 33 gold pieces
  8820 | D:7      | Bought a potion of curing for 33 gold pieces
  8820 | D:7      | Bought a wand of charming (1) for 26 gold pieces
  8842 | D:7      | Noticed Pikel
  8889 | D:6      | Killed Pikel
  8890 | D:6      | Reached skill level 8 in Armour
  8890 | D:6      | Reached XP level 10. HP: 63/80 MP: 10/10
  9810 | D:7      | Noticed Maggie
  9848 | D:7      | Killed Maggie
 10505 | D:8      | Noticed Grum
 10545 | D:8      | Killed Grum
 10764 | D:8      | Noticed a two-headed ogre
 10807 | D:8      | Killed a two-headed ogre
 10808 | D:8      | Reached skill level 9 in Armour
 11135 | D:8      | Noticed Erica
 11175 | D:8      | Killed Erica
 11176 | D:8      | Reached XP level 11. HP: 66/89 MP: 8/11
 11862 | D:8      | Noticed a deep elf pyromancer
 11888 | D:8      | Killed a deep elf pyromancer
 12000 | D:8      | Noticed Joseph
 12022 | D:8      | Killed Joseph
 12574 | D:3      | Bought a potion of flight for 36 gold pieces
 12574 | D:3      | Bought a potion of resistance for 120 gold pieces
 12574 | D:3      | Bought a potion of might for 48 gold pieces
 12574 | D:3      | Bought a potion of magic for 96 gold pieces
 12685 | D:9      | Noticed a two-headed ogre
 12786 | D:8      | Reached skill level 10 in Armour
 12786 | D:8      | Reached skill level 5 in Evocations
 13041 | D:9      | Noticed a two-headed ogre
 13719 | D:9      | Found a stormy altar of Qazlal.
 13720 | D:9      | Found a white marble altar of Elyvilon.
 13720 | D:9      | Found a broken altar of Ashenzari.
 13738 | D:9      | Found a staircase to the Lair.
 13752 | D:9      | Noticed Psyche
 13755 | D:9      | Killed Psyche
 13755 | D:9      | Noticed Harold
 13756 | D:9      | Reached skill level 10 in Fighting
 13777 | D:9      | Killed Harold
 13778 | D:9      | Reached skill level 10 in Maces & Flails
 13783 | D:9      | Killed a two-headed ogre
 13808 | D:9      | You fall into a shaft and drop 3 floors!
 13817 | D:12     | Noticed a centaur warrior
 13839 | D:12     | Killed a centaur warrior
 14076 | D:12     | Noticed a cyclops
 14110 | D:10     | Entered Level 10 of the Dungeon
 14123 | D:10     | Found a glowing golden altar of the Shining One.
 14148 | D:10     | Reached XP level 12. HP: 45/98 MP: 6/12
 14615 | D:9      | Reached skill level 5 in Dodging
 14982 | D:9      | Found a runed translucent door.
 14982 | D:9      | Noticed a six-headed hydra
 14990 | D:9      | Killed a six-headed hydra
 14991 | D:9      | Noticed a shadow wraith
 15330 | D:9      | Killed a two-headed ogre
 15331 | D:9      | Reached skill level 11 in Armour
 15429 | D:9      | Found an ornate altar of the Wu Jian Council.
 15434 | D:9      | Found a glowing silver altar of Zin.
 15434 | D:9      | Found a sparkling altar of Nemelex Xobeh.
 15435 | D:9      | Found a shadowy altar of Dithmenos.
 15535 | D:9      | Found Lisun's General Store.
 15538 | D:9      | Bought a potion of curing for 39 gold pieces
 15538 | D:9      | Bought a box of beasts for 520 gold pieces
 15538 | D:9      | Bought 2 potions of curing for 78 gold pieces
 15639 | D:9      | Noticed a centaur warrior
 15646 | D:9      | Noticed a seven-headed hydra
 15650 | D:9      | Killed a centaur warrior
 15659 | D:9      | Killed a seven-headed hydra
 15744 | D:9      | Killed a shadow wraith
 15761 | D:9      | Noticed a boulder beetle
 15831 | D:9      | Killed a boulder beetle
 16338 | D:10     | Identified the +5 ring mail of Pataaluo {Regen+ Str+4}
 16716 | D:10     | Noticed a two-headed ogre
 16762 | D:10     | Killed a two-headed ogre
 17219 | Lair:1   | Entered Level 1 of the Lair of Beasts
 17275 | Lair:1   | Reached XP level 13. HP: 90/107 MP: 9/13
 17309 | Lair:1   | Reached skill level 12 in Armour
 17539 | Lair:1   | Noticed a seven-headed hydra
 17553 | Lair:1   | Killed a seven-headed hydra
 18392 | Lair:1   | Identified a scroll of acquirement
 18399 | Lair:1   | Acquired the ring of Cobeddae {Fly rElec rCorr Str+2 Dex+2}
 18520 | D:9      | Bought a potion of flight for 39 gold pieces
 18520 | D:9      | Bought a scroll of noise for 13 gold pieces
 18520 | D:9      | Bought a potion of attraction for 39 gold pieces
 18721 | D:1      | Bought a scroll of identify for 28 gold pieces
 18721 | D:1      | Bought a scroll of enchant weapon for 105 gold pieces
 18721 | D:1      | Bought a scroll of poison for 56 gold pieces
 18879 | D:7      | Bought a potion of attraction for 33 gold pieces
 18975 | D:3      | Bought 3 potions of brilliance for 144 gold pieces
 18975 | D:3      | Bought a potion of brilliance for 48 gold pieces
 18975 | D:3      | Bought 2 potions of brilliance for 96 gold pieces
 19034 | D:4      | Bought a scroll of magic mapping for 75 gold pieces
 19034 | D:4      | Bought a potion of mutation for 80 gold pieces
 19034 | D:4      | Bought a scroll of brand weapon for 95 gold pieces
 19482 | Lair:2   | Noticed Amaemon
 19529 | Lair:2   | Killed Amaemon
 19694 | Lair:2   | You are sucked into a shaft and drop 2 floors!
 19845 | Lair:4   | Reached skill level 13 in Armour
 20397 | Lair:2   | Reached XP level 14. HP: 110/118 MP: 10/14
 20591 | Lair:2   | Found a staircase to the Swamp.
 20779 | Lair:3   | Noticed Nergalle
 20982 | Lair:3   | Killed Nergalle
 21123 | Lair:3   | Identified the ring of the Supporting Beggars {rC- rN+ MP+9
                  | Str+3 Dex+8}
 21214 | Lair:3   | Found a hole to the Spider Nest.
 22243 | Lair:4   | Found a viscous altar of Jiyva.
 22244 | Lair:4   | Found a staircase to the Slime Pits.
 22433 | Lair:5   | Entered Level 5 of the Lair of Beasts
 22565 | Lair:5   | Identified the +10 falchion of Guext {vorpal, Fly Dex+2}
 22968 | Lair:5   | Reached skill level 14 in Armour
 23013 | Lair:5   | Identified the ring "Nouzunti" {Drain rElec rPois Int+4
                  | Dex+8}
 23485 | Lair:5   | Reached XP level 15. HP: 111/126 MP: 15/15
 24377 | Lair:5   | Found a corrupted altar of Lugonu.
 24377 | Lair:5   | Found a one-way gate to the infinite horrors of the Abyss.
 24448 | Lair:5   | Identified the ring "Jeamyon" {rElec rC+ Will+ MP+9 Stlth+}
 25304 | D:11     | Found a staircase to the Orcish Mines.
 25438 | D:11     | Reached skill level 15 in Armour
 25520 | D:11     | You fall into a shaft and drop 1 floor!
 25883 | Orc:1    | Entered Level 1 of the Orcish Mines
 25886 | Orc:1    | Noticed Urug
 25892 | Orc:1    | Noticed Jorgrun
 25907 | Orc:1    | Killed Urug
 25908 | Orc:1    | Reached skill level 15 in Fighting
 25911 | Orc:1    | Killed Jorgrun
 25945 | Orc:1    | Found a frozen archway.
 25962 | IceCv    | Entered an ice cave
 26321 | IceCv    | Noticed a frost giant
 26346 | IceCv    | Killed a frost giant
 26357 | IceCv    | Reached XP level 16. HP: 78/135 MP: 10/16
 26437 | IceCv    | Found the +4 skin of Zhor {*Englaciate rC+++ SInv}
 26439 | IceCv    | Identified the +7 quick blade "Kadwusyj" {freeze, rPois
                  | Str+4}
 26843 | Orc:1    | Reached skill level 10 in Evocations
 26989 | Orc:2    | Entered Level 2 of the Orcish Mines
 26991 | Orc:2    | Found a staircase to the Elven Halls.
 27754 | Orc:2    | Found Navvid's Antique Armour Boutique.
 27754 | Orc:2    | Found Tausuvux's Antique Armour Emporium.
 28033 | Orc:2    | Found a shimmering altar of Xom.
 28213 | Orc:2    | Found Ogixeuma's Jewellery Boutique.
 28213 | Orc:2    | Found Fithraonn's Jewellery Emporium.
 28223 | Orc:2    | HP: 4/126 [orc priest/divine providence (9)]
 28638 | Orc:2    | Bought the amulet of Buushruf {Faith -Tele rElec rF++ rN+}
                  | for 824 gold pieces
 28727 | Orc:2    | Bought a runed scarf for 240 gold pieces
 29274 | Orc:1    | Noticed Fannar
 29284 | Orc:1    | Killed Fannar
 29621 | Swamp:1  | Entered Level 1 of the Swamp
 29635 | Swamp:1  | Found a runed translucent door.
 29635 | Swamp:1  | Found a shimmering altar of Xom.
 29635 | Swamp:1  | Noticed Bombi's ghost (journeyman MiFi)
 29665 | Swamp:1  | Reached skill level 15 in Maces & Flails
 30683 | Swamp:1  | Killed Bombi's ghost
 30684 | Swamp:1  | Reached skill level 16 in Armour
 30931 | Swamp:1  | Got the Papyrus of Contamination
 30978 | Swamp:1  | Killed from afar by a spriggan air mage

Illustrated notes

Levels and vault maps discovered:
D:1:      roderic_octagonal_star, layout_basic,
          dreamdust_ecumenical_altar_grove, serial_shops, shop,
          hangedman_feature_mirror
D:2:      cheibrodos_helix_gallery, layout_basic
D:3:      layout_loops_cross, serial_shops, nicolae_shop_statue_plus,
          grunt_ministairs_9, kennysheep_potato
D:4:      layout_loops_cross, minitemple, jmf_multi_god_temple,
          minmay_temple_entry_grid, cheibrodos_sewer_entry_drain, serial_glass,
          glass_columns_a, glass_columns_a, kennysheep_small_square,
          uniq_eustachio, uniq_robin
D:5:      layout_basic, mainiacjoe_overflow_small_starburst,
          gammafunk_ghost_arena
D:6:      layout_loops_ring, makhleb_blood_cavern_becter
D:7:      layout_gridville, serial_shops, nicolae_shop_crystal,
          kennysheep_generic_room_2, uniq_maggie, uniq_pikel
D:8:      wad_woods_pond, layout_basic, guppyfry_early_elven_hall, uniq_joseph,
          uniq_erica, uniq_grum
D:9:      layout_basic, grunt_temple_overflow_open, serial_shops,
          nicolae_shop_behind_doors, grunt_ministairs_1, minivault_13,
          uniq_psyche, uniq_harold
D:10:     layout_small_grid, nicolae_overflow_crystal_walls,
          david_defended_altar_orc
D:11:     layout_rooms, david_orc_3
D:12:     layout_rooms
Temple:   hellmonk_temple_beads
Lair:1:   kb_forest_paths, layout_regular_city, chequers_serial_rivers_micro_c,
          gammafunk_lair_bear_cave
Lair:2:   statuecave_lemuel, layout_chaotic_city, minmay_swamp_entry_swarm,
          chequers_serial_rivers_micro_b, uniq_amaemon
Lair:3:   layout_chaotic_city, nicolae_spider_entry_orb_guardian, minivault_26,
          grunt_megastairs_5, serial_bayou_shore_a, uniq_nergalle
Lair:4:   layout_regular_city, dpeg_slime_entry_enclosed, serial_forest,
          infiniplex_forest_straight_2, infiniplex_forest_straight_2,
          infiniplex_forest_lined_room_2, infiniplex_forest_end_2,
          infiniplex_forest_corner_2, infiniplex_forest_straight_5,
          infiniplex_forest_zigzag_2, serial_bayou_lagoon_a,
          nicolae_quartered_pool_medium
Lair:5:   hellmonk_lair_end_abyssal_woods, layout_loops_ring,
          serial_bayou_lake_a, grunt_megastairs_3
Swamp:1:  layout_basic_swamp, ebering_ghost_xom, evilmike_swamp_ruin_rubble_1,
          swamp_pool5, grunt_ruined_hall, infiniplex_staircase_pool
Orc:1:    layout_diamond_mine, portal_ice_cave_demonic_guard, uniq_jorgrun,
          uniq_urug, uniq_fannar
Orc:2:    st_orc_town, layout_caves, basic_altar

Skill      XL: |  1  2  3  4  5  6  7  8  9 10 11 12 13 14 15 16 |
---------------+-------------------------------------------------+-----
Maces & Flails | 3 4 5 6 8 9 10 11 12 13 14 15 | 15.1
Armour         | 4 5 6 8 9 10 11 13 14 15 16 | 16.0
Fighting       | 4 5 6 7 9 10 11 13 14 15 | 15.9
Dodging        | 1 2 3 4 5 6 7 8 |  8.9
Shields        | 5 |  5.1
Evocations     | 2 4 5 6 7 9 10 | 10.4
Stealth        | |  0.2

Action                   |  1- 3 |  4- 6 |  7- 9 | 10-12 | 13-15 | 16-18 || total
-------------------------+-------+-------+-------+-------+-------+-------++-------
Melee: Flail             |   111 |   278 |   482 |    82 |       |       ||   953
       Morningstar       |       |       |       |   149 |       |       ||   149
       Dire flail        |       |       |       |   426 |   270 |       ||   696
       Demon whip        |       |       |       |       |  1081 |       ||  1081
       Giant spiked club |       |       |       |       |    31 |   434 ||   465
 Abil: Dig               |     2 |     1 |     4 |     8 |    14 |     5 ||    34
       Shaft Self        |       |       |     1 |     1 |       |       ||     2
Evoke: Wand              |       |       |       |     8 |     2 |       ||    10
       Box of beasts     |       |       |       |       |     2 |       ||     2
  Use: Scroll            |       |     7 |     4 |       |     9 |       ||    20
       Potion            |       |       |       |     7 |       |     1 ||     8
 Stab: Distracted        |       |       |       |     5 |    10 |     3 ||    18
       Sleeping          |       |       |       |       |     1 |       ||     1
Armor: Scale mail        |    61 |    58 |       |       |       |       ||   119
       Chain mail        |       |    70 |   165 |       |       |       ||   235
       Plate armour      |       |       |   100 |   283 |       |       ||   383
       Ring mail         |       |       |       |    16 |   341 |    13 ||   370
       Crystal plate arm |       |       |       |       |       |   244 ||   244
Dodge: Dodged            |    56 |   108 |   169 |   242 |   625 |   272 ||  1472
       Repelled          |       |       |       |       |       |     9 ||     9
Block: Buckler           |    37 |    79 |    98 |   114 |   272 |       ||   600
